 Dungeon Crawl Stone Soup version 0.30.1-3-gfc49f6343a (webtiles) character file.

Game seed: 15384071242966595133

102 Heoruswealwe the Conjurer (level 4, -2/24 HPs)
             Began as a Deep Elf Conjurer on July 24, 2023.
             Slain by a gnoll
             ... wielding a +0 halberd
              (7 damage)
             ... on level 3 of the Dungeon.
             The game lasted 00:19:04 (1986 turns).

Heoruswealwe the Conjurer (Deep Elf Conjurer)       Turns: 1986, Time: 00:19:05

Health: -2/24      AC:  2    Str:  4    XL:     4   Next: 50%
Magic:  13/13      EV:  6    Int: 25    God:
Gold:   95         SH:  0    Dex: 13    Spells: 1/13 levels left

rFire   . . .        b - +5 short sword (elec)
rCold   . . .        (no shield)
rNeg    . . .        c - +0 robe
rPois   .            (no helmet)
rElec   .            (no cloak)
rCorr   .            (no gloves)
SInv    .            (no boots)
Will    .....        (no amulet)
Stlth   ++           (no ring)
HPRegen 0.24/turn    (no ring)
MPRegen 0.13/turn

%: no passive effects
@: held
A: no striking features
a: no special abilities


You were on level 3 of the Dungeon.
You visited 1 branch of the dungeon, and saw 3 of its levels.

You collected 95 gold pieces.

Inventory:

Hand Weapons
 b - a +5 short sword of electrocution (weapon)
Armour
 c - a +0 robe (worn)
Wands
 d - a wand of flame (20)
 i - a wand of roots (7)
Scrolls
 a - a scroll of blinking {unknown}
 e - 2 scrolls of amnesia {unknown}
 g - a scroll of enchant weapon {unknown}
 h - a scroll of teleportation {unknown}
Potions
 f - a potion of magic
 j - a potion of degeneration {unknown}
 k - 2 potions of mutation {unknown}
 l - a potion of lignification {unknown}


   Skills:
 - Level 2.4 Dodging
 - Level 2.4 Stealth
 + Level 5.0 Spellcasting
 + Level 5.6 Conjurations


You had one spell level left.
You knew the following spells:

 Your Spells              Type           Power      Damage    Failure   Level
a - Magic Dart            Conj           100%       1d8       1%          1
b - Searing Ray           Conj           68%        2d6       1%          2
c - Momentum Strike       Conj/Tloc      40%        3d9       4%          2
d - Dazzling Flash        Conj/Hex       40%        N/A       8%          3
e - Fulminant Prism       Conj/Hex       10%        3d8       26%         4

Your spell library contained the following spells:

 Spells                   Type           Power      Damage    Failure   Level
 Blink                    Tloc           12%        N/A       12%         2
 Lesser Beckoning         Tloc           12%        N/A       12%         2
 Iskenderun's Mystic Bla  Conj/Tloc      20%        2d6       26%         4


Dungeon Overview and Level Annotations

Branches:
Dungeon (3/15)

Altars:

Shops:
D:2 :


Message History

There is an open door here.
There is a stone staircase leading down here.
Okay, then.
You climb downwards.
The gnoll shouts! x4; The goblin shouts!
There is a stone staircase leading up here.
The gnoll barely misses you. The gnoll hits you with a +0 halberd!
Ouch! That really hurt!
You climb upwards.
There is a stone staircase leading down here.
Casting: Magic Dart (safe; 1% risk of failure)
Confirm with . or Enter, or press ? or * to list all spells.
Aiming: Momentum Strike (safe; 4% risk of failure)
Press: ? - help, Dir - move target, f - gnoll
Aim: a gnoll, wielding a +0 halberd (75% to hit)
The concentrated momentum hits the gnoll!
You kill the gnoll!
You are unable to move.
Your Spellcasting skill increases to level 5!
You are no longer robbed of momentum.
Magic restored.
HP restored.
Done exploring.
You see here a +0 halberd.
There is a stone staircase leading down here.
You climb downwards.
The gnoll completely misses you. The gnoll hits you with a +0 halberd!
Ouch! That really hurt!
The rat twitches its whiskers.
The rat bites you.
* * * LOW HITPOINT WARNING * * *
The gnoll throws a throwing net.
The throwing net hits you.
You become entangled in the net!
The goblin completely misses you.
There is a stone staircase leading up, spattered with blood here.
You see here a throwing net.
Okay, then.
You tear a large gash into the net.
The goblin hits you with a +0 club.
* * * LOW HITPOINT WARNING * * *
The gnoll hits you with a +0 halberd!
You die...

#.. #.#
##.## #...#
#...# #
####...#.##
#....r....#
#....@g...#
#...g.g...#
####g..####
#...# #...#
##.## #.#
#.#


You could see 3 gnolls, a goblin and a rat.

Vanquished Creatures
  Jessica (D:2)
  Terence (D:2)
  A gnoll (D:2)
  An ufetubus (D:2)
  3 endoplasms
  2 giant cockroaches
  4 goblins
  3 hobgoblins (D:1)
  3 jackals (D:1)
  4 kobolds
  A quokka (D:1)
  4 ball pythons
  3 bats (D:1)
  2 rats (D:2)
33 creatures vanquished.

Notes
Turn   | Place    | Note
-------+----------+-------------------------------------------
     0 | D:1      | Heoruswealwe the Deep Elf Conjurer began the quest for the
                  | Orb.
     0 | D:1      | Reached XP level 1. HP: 10/10 MP: 6/6
   334 | D:1      | Reached XP level 2. HP: 15/15 MP: 3/8
   337 | D:1      | Learned a level 2 spell: Searing Ray
   949 | D:2      | Found Etwishay's Book Shop.
   986 | D:2      | Noticed Terence
  1023 | D:2      | Killed Terence
  1024 | D:2      | Reached skill level 5 in Conjurations
  1024 | D:2      | Reached XP level 3. HP: 6/19 MP: 0/10
  1028 | D:2      | Learned a level 3 spell: Dazzling Flash
  1163 | D:2      | Learned a level 2 spell: Momentum Strike
  1254 | D:2      | Noticed Jessica
  1258 | D:2      | Killed Jessica
  1259 | D:2      | Reached XP level 4. HP: 24/24 MP: 4/12
  1264 | D:2      | Learned a level 4 spell: Fulminant Prism
  1707 | D:2      | Found a faded altar of an unknown god.
  1935 | D:2      | Reached skill level 5 in Spellcasting
  1986 | D:3      | Slain by a gnoll

Illustrated notes

Levels and vault maps discovered:
D:1:      minmay_arrival_jagged, layout_loops_corners, minmay_misc_feat_cross
D:2:      layout_basic, serial_shops, shop, ebering_ecumenical_altar_box,
          uniq_terence, uniq_jessica
D:3:      layout_loops_ring, serial_undead, serial_undead_b, serial_undead_d,
          serial_undead_e, serial_undead_a, serial_undead_d, serial_undead_b

Skill      XL: |  1  2  3  4 |
---------------+-------------+-----
Spellcasting   | 4 5 |  5.0
Conjurations   | 5 |  5.6
Dodging        | |  2.4
Stealth        | |  2.4

Action                     |  1- 3 |  4- 6 || total
---------------------------+-------+-------++-------
   Cast: Magic Dart        |    45 |    13 ||    58
         Searing Ray       |     2 |       ||     2
         Momentum Strike   |       |     1 ||     1
 Armour: Robe              |       |     1 ||     1
  Dodge: Dodged            |       |     4 ||     4
